[Event "fics rated crazyhouse match"]
[Site "fics, Oklahoma City, OK USA"]
[Date "2000.11.09"]
[White "Mori"]
[WhiteElo "2267"]
[Black "LINDEGREN"]
[BlackElo "2447"]
[TimeControl "120+0"]
[Result "0-1"]

1. f4 Nf6 2. e3 e6 3. Nf3 b6 4. Be2 Bb7 5. O-O Be7 6. Ne5 
Nc6 7. Nc3 d6 8. Nxc6 Bxc6 9. d3 O-O 10. Qe1 N@f5 11. e4 Nd4 
12. Bd1 b5 13. Be3 e5 14. f5 b4 15. Ne2 Nxe2+ 16. Bxe2 N@d4 17. Bxd4 
exd4 18. N@g3 B@e3+ 19. Kh1 Rb8 20. N@d1 Bh6 21. Nf2 Ba8 22. N@g4 Nxg4 
23. Nxg4 Beg5 24. f6 Bxf6 25. Nxf6+ gxf6 26. N@g4 P@g7 27. Nxh6+ gxh6 28. Nh5 
N@d7 29. Qg3+ N@g6 30. B@f5 N@e5 31. Bxd7 Nxd7 32. N@g4 B@g5 33. B@f5 Nde5 
34. Bxg6 fxg6 35. Ngxf6+ Bxf6 36. N@e6 Qe7 37. Nxf8 Rxf8 38. Nxf6+ Rxf6 39. Rxf6 
Qxf6 40. R@e8+ N@f8 41. Rxa8 N@f2+ 42. Qxf2 Qxf2 43. N@e7+ Kf7 44. B@g8+ Kxe7 
{Mori forfeits on time} 0-1

[Event "fics rated crazyhouse match"]
[Site "fics, Oklahoma City, OK USA"]
[Date "2000.11.09"]
[White "Sunsetter"]
[WhiteElo "2303"]
[Black "Gnejs"]
[BlackElo "2491"]
[TimeControl "180+0"]
[Result "1-0"]

1. e4 Nf6 2. Nc3 d5 3. exd5 Nxd5 4. Nxd5 Qxd5 5. Qe2 N@d4 6. N@e3 
Qe4 7. Qd1 P@f4 8. d3 Qe5 9. P@c3 fxe3 10. Bxe3 Nf5 11. Nf3 Nxe3 
12. Nxe5 Nxd1 13. Rxd1 Q@e6 14. N@c4 B@f4 15. Q@e4 Bxe5 16. Qxe5 Qxe5+ 17. Nxe5 
Q@e6 18. B@a4+ Bd7 19. Q@c8+ N@d8 20. Bxd7+ Nxd7 21. Qxd7+ Qxd7 22. Nxd7 Q@e6+ 
23. N@e5 B@f4 24. Q@a4 Nc6 25. Qxf4 N@g6 26. Qxf7+ Qxf7 27. Nxf7 Q@e6+ 28. P@e4 
Qxd7 29. B@f5 e6 30. Bxg6 hxg6 31. Nxh8 B@h6 32. P@f7+ Qxf7 33. Nxf7 P@d2+ 
34. Rxd2 Bxd2+ 35. Kxd2 N@b1+ 36. Ke1 R@d7 37. Q@g8 Rxf7 38. Qxf7+ Kxf7 39. N@h8+ 
Ke7 40. Q@f7+ Kd6 41. R@d5+ exd5 42. Qxd5+ Ke7 43. R@e6# 
{Gnejs checkmated} 1-0

[Event "fics rated crazyhouse match"]
[Site "fics, Oklahoma City, OK USA"]
[Date "2000.11.09"]
[White "LINDEGREN"]
[WhiteElo "2451"]
[Black "Mori"]
[BlackElo "2260"]
[TimeControl "120+0"]
[Result "1-0"]

1. e4 c5 2. Nc3 g6 3. Nf3 Bg7 4. Bc4 e6 5. O-O Ne7 6. d3 
d6 7. Bg5 O-O 8. Qd2 Nbc6 9. Rae1 a6 10. a4 Ne5 11. Nxe5 dxe5 
12. Bxe7 Qxe7 13. N@g4 B@f4 14. Qd1 Bd7 15. N@h3 Kh8 16. Nxf4 exf4 17. e5 
N@e8 18. Ne4 N@g8 19. B@g5 f6 20. exf6 Nexf6 21. Nexf6 Nxf6 22. P@h6 Bxh6 
23. Nxh6 P@g7 24. Bxf6 gxf6 25. Ng4 e5 26. N@d5 Qg7 27. B@h6 Bxg4 28. Bxg7+ 
Kxg7 29. Qxg4 N@h6 30. N@h5+ Kf7 31. Q@e6# 
{Mori checkmated} 1-0

[Event "fics rated crazyhouse match"]
[Site "fics, Oklahoma City, OK USA"]
[Date "2000.11.09"]
[White "Gnejs"]
[WhiteElo "2465"]
[Black "Sunsetter"]
[BlackElo "2315"]
[TimeControl "180+0"]
[Result "0-1"]

1. e4 e5 2. Nf3 Nc6 3. Bc4 Bc5 4. Nc3 Nf6 5. d3 h6 6. Nd5 
O-O 7. Be3 Bxe3 8. fxe3 Ng4 9. Qe2 B@f2+ 10. Kd1 Ne7 11. B@h5 Nxd5 
12. Bxd5 Nxe3+ 13. Qxe3 Bxe3 14. Bdxf7+ Kh7 15. N@f5 P@e2+ 16. Ke1 Q@f2# 
{Gnejs checkmated} 0-1

[Event "fics rated crazyhouse match"]
[Site "fics, Oklahoma City, OK USA"]
[Date "2000.11.09"]
[White "Sunsetter"]
[WhiteElo "2326"]
[Black "Gnejs"]
[BlackElo "2441"]
[TimeControl "180+0"]
[Result "0-1"]

1. e4 Nf6 2. Nc3 d5 3. exd5 Nxd5 4. Nxd5 Qxd5 5. Qe2 N@d4 6. N@e3 
Qe4 7. Qd1 P@f4 8. d3 Qe5 9. P@c3 fxe3 10. Bxe3 Nf5 11. Nf3 Qe6 
12. Nd4 Nxd4 13. cxd4 N@d5 14. N@c5 Qb6 15. Nb3 Nxe3 16. fxe3 N@d5 17. Qd2 
B@b4 18. c3 Nxe3 19. cxb4 Nxf1 20. Rxf1 B@a4 21. B@c4 Bxb3 22. axb3 Be6 
23. B@b5+ P@d7 24. Rxf7 Qxd4 25. Bxe6 Qe5+ 26. P@e4 Qxe6 27. B@d5 Qe5 28. Bxb7 
P@e3 29. Bxd7+ Nxd7 30. Qc2 B@d2+ 31. Kf1 Kxf7 32. Bd5+ Qxd5 33. P@g6+ hxg6 
34. P@e6+ Qxe6 35. N@g5+ Ke8 36. Qxd2 R@h1+ 37. B@g1 exd2 38. Nxe6 P@e2+ 39. Kxe2 
N@c1+ 40. Kxd2 Q@e2+ 41. Kxc1 Rxg1+ 42. N@f1 Rxf1+ 43. Q@e1 Rxe1+ 44. N@d1 Rxd1# 
{Sunsetter checkmated} 0-1

[Event "fics rated crazyhouse match"]
[Site "fics, Oklahoma City, OK USA"]
[Date "2000.11.09"]
[White "Gnejs"]
[WhiteElo "2452"]
[Black "Sunsetter"]
[BlackElo "2320"]
[TimeControl "180+0"]
[Result "0-1"]

1. e4 Nf6 2. Nc3 d5 3. exd5 Nxd5 4. d4 Nxc3 5. bxc3 Nc6 6. d5 
Ne5 7. Nf3 Nxf3+ 8. gxf3 e6 9. Bb5+ Bd7 10. dxe6 N@g2+ 11. Kf1 Bxb5+ 
12. Kxg2 N@h4+ 13. Kh3 B@g2+ 14. Kg3 Bd6+ 15. P@f4 fxe6 16. P@f7+ Kxf7 17. N@e5+ 
Bxe5 18. Qxd8 N@f5+ 19. Kg4 Bxf3+ 20. Kg5 P@h6# 
{Gnejs checkmated} 0-1

[Event "fics rated crazyhouse match"]
[Site "fics, Oklahoma City, OK USA"]
[Date "2000.11.09"]
[White "Sunsetter"]
[WhiteElo "2331"]
[Black "Gnejs"]
[BlackElo "2431"]
[TimeControl "180+0"]
[Result "1-0"]

1. Nf3 Nf6 2. d4 d6 3. Bf4 e6 4. e3 Be7 5. Be2 O-O 6. O-O 
b6 7. c4 Bb7 8. Nc3 Nbd7 9. d5 exd5 10. Nxd5 Bxd5 11. cxd5 Nc5 
12. B@f5 Nh5 13. Nd4 Nxf4 14. exf4 Bf6 15. N@g4 Bxd4 16. Qxd4 P@e5 17. fxe5 
dxe5 18. Qxe5 B@d6 19. Qxg7+ Kxg7 20. P@f6+ Qxf6 21. Nxf6 Q@g5 22. Q@g4 Qxg4 
23. Nxg4 Q@g5 24. B@h6+ Qxh6 25. Nxh6 N@f4 26. Q@g5# 
{Gnejs resigns} 1-0

[Event "fics rated crazyhouse match"]
[Site "fics, Oklahoma City, OK USA"]
[Date "2000.11.09"]
[White "Gnejs"]
[WhiteElo "2412"]
[Black "Sunsetter"]
[BlackElo "2341"]
[TimeControl "180+0"]
[Result "1-0"]

1. d4 Nf6 2. Bf4 d5 3. e3 Bg4 4. Nf3 Bxf3 5. Qxf3 Nc6 6. Bb5 
N@h4 7. Qh3 Ng6 8. B@a4 e6 9. Bxc6+ bxc6 10. Bxc6+ B@d7 11. Bxd7+ Qxd7 
12. Nc3 Nxf4 13. exf4 B@f5 14. B@a4 Qxa4 15. Nxa4 B@a5+ 16. P@c3 B@c6 17. Q@a6 
Bxa4 18. Qxa5 Bxh3 19. Qxa4+ Q@d7 20. B@b5 N@b6 21. Bxd7+ Nfxd7 22. B@c6 Nxa4 
23. Bxd7+ Kxd7 24. N@e5+ Kc8 25. Q@d7+ Kb7 26. N@a5+ Ka6 27. Qxa4 Q@e4+ 28. N@e3 
f6 29. Qc6+ B@b6 30. a4 B@d2+ 31. Kxd2 Qxe3+ 32. fxe3 N@e4+ 33. Kc1 Nd6 
34. N@c5+ Kxa5 35. b4# 
{Sunsetter checkmated} 1-0

[Event "fics rated crazyhouse match"]
[Site "fics, Oklahoma City, OK USA"]
[Date "2000.11.09"]
[White "Sunsetter"]
[WhiteElo "2335"]
[Black "Gnejs"]
[BlackElo "2423"]
[TimeControl "180+0"]
[Result "0-1"]

1. d4 Nf6 2. Bg5 Ne4 3. Nf3 Nxg5 4. Nxg5 e6 5. Nxf7 Kxf7 6. N@e5+ 
Ke8 7. P@f7+ Ke7 8. Nc3 d6 9. d5 dxe5 10. Qc1 exd5 11. Qg5+ B@f6 
12. Qd2 P@d4 13. e4 dxc3 14. bxc3 c6 15. P@g5 Kxf7 16. gxf6 gxf6 17. exd5 
cxd5 18. B@f3 P@c6 19. c4 P@c3 20. Qxc3 d4 21. Qd2 P@c3 22. Qe2 N@f4 
23. Qd1 N@h4 24. Be4 N@b2 25. P@c7 Qxc7 26. P@d2 Nxd1 27. Rxd1 cxd2+ 28. Rxd2 
P@c3 29. N@b3 cxd2+ 30. Nxd2 R@c1# 
{Sunsetter checkmated} 0-1

[Event "fics rated crazyhouse match"]
[Site "fics, Oklahoma City, OK USA"]
[Date "2000.11.09"]
[White "Gnejs"]
[WhiteElo "2433"]
[Black "Sunsetter"]
[BlackElo "2329"]
[TimeControl "180+0"]
[Result "1-0"]

1. d4 e6 2. Bf4 d6 3. e3 Nc6 4. Nf3 Bd7 5. Bd3 Nb4 6. Be2 
Nf6 7. c3 Nbd5 8. Bg3 Ne4 9. O-O Nxg3 10. hxg3 Rb8 11. e4 Nf6 
12. e5 Ng4 13. Nbd2 dxe5 14. Nxe5 P@h2+ 15. Kh1 Nxe5 16. dxe5 N@g6 17. Nf3 
B@c6 18. P@d4 Bxf3 19. Bxf3 Bb5 20. B@a4 Qd7 21. Bxb5 Qxb5 22. B@a4 B@a6 
23. Bxb5+ Bxb5 24. Re1 B@a4 25. b3 N@b2 26. bxa4 Nxd1 27. Raxd1 Bxa4 28. N@h5 
Kd8 29. B@g5+ P@e7 30. N@d6 cxd6 31. exd6 Ke8 32. P@c7 Q@c8 33. cxb8=Q Qxb8 
34. Q@c7 Qxc7 35. dxc7 Q@d7 36. R@d8+ Qxd8 37. cxd8=Q+ Kxd8 38. Q@b8+ N@c8 39. Q@c7+ 
Ke8 40. Qbxc8+ R@d8 41. Q7xd8# 
{Sunsetter checkmated} 1-0

[Event "fics rated crazyhouse match"]
[Site "fics, Oklahoma City, OK USA"]
[Date "2000.11.09"]
[White "Gnejs"]
[WhiteElo "2451"]
[Black "Sunsetter"]
[BlackElo "2318"]
[TimeControl "180+0"]
[Result "0-1"]

1. e4 e5 2. Nf3 Nc6 3. Nc3 Bc5 4. Bc4 Nf6 5. d3 d6 6. Bg5 
Be6 7. Nd5 Bxd5 8. Bxd5 Qd7 9. Bxf6 Bxf2+ 10. Kxf2 N@g4+ 11. Ke1 P@f2+ 
12. Ke2 Nxf6 13. B@a4 Nxd5 14. exd5 B@g4 15. dxc6 Bxf3+ 16. gxf3 N@f4+ 17. Kd2 
B@b4+ 18. c3 Bxc3+ 19. bxc3 bxc6 20. B@b7 P@e2 21. Qb3 f1=N+ 22. Rhxf1 exf1=Q 
23. Rxf1 R@e2+ 24. Kc1 Nxd3+ 25. Kb1 P@c2+ 26. Ka1 c1=Q+ 27. Rxc1 Nxc1 28. Qd1 
Rxa2+ 29. Kb1 R@a1# 
{Gnejs checkmated} 0-1

[Event "fics rated crazyhouse match"]
[Site "fics, Oklahoma City, OK USA"]
[Date "2000.11.09"]
[White "Sunsetter"]
[WhiteElo "2329"]
[Black "Gnejs"]
[BlackElo "2434"]
[TimeControl "180+0"]
[Result "1-0"]

1. e4 Nf6 2. Nc3 d5 3. exd5 Nxd5 4. Nxd5 Qxd5 5. Qe2 N@d4 6. N@e3 
Qe4 7. Qd1 P@f4 8. d3 Qe5 9. P@c3 fxe3 10. Bxe3 Nf5 11. Nf3 Nxe3 
12. Nxe5 Nxd1 13. Rxd1 Q@e6 14. N@c4 B@f4 15. Q@e4 Bxe5 16. Qxe5 Qxe5+ 17. Nxe5 
Q@e6 18. B@a4+ N@c6 19. Q@g3 Bd7 20. Bxc6 Nxc6 21. N@b5 B@b6 22. d4 N@e4 
23. Qf3 Nxf2 24. Nxc7+ Bxc7 25. Qxf2 Nxe5 26. dxe5 Qxe5+ 27. N@e3 P@f4 28. Bc4 
e6 29. N@g4 Qe4 30. Rxd7 Kxd7 31. P@d3 R@a1+ 32. B@d1 fxe3 33. Qxf7+ Be7 
34. dxe4 P@d2+ 35. Ke2 N@c1+ 36. Kxe3 Bb6+ 37. Kxd2 N@b1+ 38. Ke1 Rad8 39. Qxe6+ 
Kc7 40. Qxe7+ Kb8 41. Qxb7+ Kxb7 42. P@a6+ Kc7 43. Q@b7+ Kd6 44. B@e7# 
{Gnejs checkmated} 1-0

[Event "fics rated crazyhouse match"]
[Site "fics, Oklahoma City, OK USA"]
[Date "2000.11.10"]
[White "BEO"]
[WhiteElo "2260"]
[Black "BarryWhite"]
[BlackElo "2411"]
[TimeControl "120+0"]
[Result "0-1"]

1. e4 e6 2. Nc3 d5 3. exd5 exd5 4. d4 Nf6 5. Nf3 Bb4 6. Be2 
Qe7 7. O-O Bxc3 8. bxc3 Ne4 9. B@e1 P@h3 10. gxh3 Bxh3 11. P@g2 Bxg2 
12. Kxg2 P@g4 13. Ng1 N@h4# 
{BEO resigns} 0-1

[Event "fics rated crazyhouse match"]
[Site "fics, Oklahoma City, OK USA"]
[Date "2000.11.10"]
[White "BarryWhite"]
[WhiteElo "2417"]
[Black "BEO"]
[BlackElo "2255"]
[TimeControl "120+0"]
[Result "1-0"]

1. e4 e6 2. Nc3 d5 3. exd5 exd5 4. d4 Nf6 5. Nf3 Be7 6. Be2 
Nc6 7. Ng5 O-O 8. P@e5 Ne8 9. h4 P@h6 10. Nxh7 Kxh7 11. h5 N@f5 
12. Bd3 Kh8 13. P@g6 Ncxd4 14. gxf7 Rxf7 15. Bxf5 Nxf5 16. N@g6+ Kg8 17. Nxd5 
Be6 18. Ndxe7+ Qxe7 19. Nxe7+ Nxe7 20. B@g6 N@f8 21. P@h7+ Nxh7 22. Bxh7+ Kxh7 
23. P@g6+ Nxg6 24. hxg6+ Kxg6 25. Qh5+ Kh7 26. Qxh6+ gxh6 27. Rxh6+ Kg7 28. Q@h8# 
{BEO checkmated} 1-0

[Event "fics rated crazyhouse match"]
[Site "fics, Oklahoma City, OK USA"]
[Date "2000.11.10"]
[White "BEO"]
[WhiteElo "2250"]
[Black "BarryWhite"]
[BlackElo "2423"]
[TimeControl "120+0"]
[Result "0-1"]

1. e4 e6 2. d4 d5 3. e5 Ne7 4. Nf3 Nbc6 5. Be2 Nf5 6. O-O 
Be7 7. Nc3 O-O 8. Be3 f6 9. Qd2 Bd7 10. Rad1 Be8 11. exf6 Bxf6 
12. P@e5 Be7 13. Bd3 P@e4 14. Nxe4 dxe4 15. Bxe4 N@c4 16. Qe2 Ncxe3 17. fxe3 
B@g4 18. P@h3 Bxf3 19. Bxf3 N@d5 20. P@f2 Bf7 21. B@e4 Qe8 22. c4 Nb6 
23. d5 Nxe5 24. dxe6 Bxe6 25. P@d5 Bf7 26. N@e6 Nxf3+ 27. Bxf3 Bxe6 28. dxe6 
N@e5 29. B@f7+ Rxf7 30. exf7+ Qxf7 31. R@f4 Nxf3+ 32. Qxf3 P@e6 33. N@e5 Qf8 
34. N@d7 Nxd7 35. Nxd7 Qe8 36. Rxf5 exf5 37. Qxf5 R@f7 38. Qe6 P@e2 39. N@e5 
exf1=Q+ 40. Rxf1 P@e2 41. Nxf7 exf1=Q+ 42. Kxf1 R@d1+ 43. R@e1 B@d3+ 44. P@e2 N@d2+ 
45. Kg1 Rxe1+ 46. N@f1 Rxf1# 
{BEO checkmated} 0-1

[Event "fics rated crazyhouse match"]
[Site "fics, Oklahoma City, OK USA"]
[Date "2000.11.10"]
[White "BarryWhite"]
[WhiteElo "2428"]
[Black "BEO"]
[BlackElo "2246"]
[TimeControl "120+0"]
[Result "1-0"]

1. e4 e6 2. d4 d5 3. exd5 exd5 4. Nf3 Nf6 5. Nc3 Be7 6. Be2 
Nc6 7. Be3 O-O 8. Ne5 Ne4 9. Nxc6 bxc6 10. P@h6 gxh6 11. Bxh6 N@f5 
12. Bxf8 Qxf8 13. Nxe4 dxe4 14. N@e5 B@e8 15. Bg4 P@f6 16. Bxf5 Bxf5 17. Ng4 
P@g7 18. R@g3 B@g5 19. h4 Bf4 20. N@h6+ Kh8 21. Nxf5 Bxg3 22. fxg3 Bd7 
23. Nxe7 Qxe7 24. P@h6 gxh6 25. B@g7+ Kxg7 26. N@h5+ Kf8 27. B@g7+ Ke8 28. Bxf6 
P@f2+ 29. Nxf2 e3 30. Ng7+ Kd8 31. Bxe7+ Kxe7 32. P@f6+ Kxf6 33. Ne4+ Ke7 
34. B@f6+ Kf8 35. Q@h8+ R@g8 36. P@e7# 
{BEO checkmated} 1-0

[Event "fics rated crazyhouse match"]
[Site "fics, Oklahoma City, OK USA"]
[Date "2000.11.10"]
[White "BEO"]
[WhiteElo "2242"]
[Black "BarryWhite"]
[BlackElo "2433"]
[TimeControl "120+0"]
[Result "1-0"]

1. e4 e6 2. Nc3 d5 3. exd5 exd5 4. d4 Nc6 5. Nf3 Nf6 6. Bb5 
Bb4 7. O-O Bxc3 8. bxc3 Ne4 9. Bd2 Bd7 10. Bxc6 bxc6 11. N@e5 B@e6 
12. Nxd7 Bxd7 13. Ne5 Qe7 14. Nxd7 Qxd7 15. B@h3 P@e6 16. P@d3 Nxd2 17. Qxd2 
B@d6 18. B@e5 Rg8 19. Rae1 Be7 20. B@g3 N@a6 21. N@c5 Nxc5 22. dxc5 Bxc5 
23. Bxc7 P@e4 24. dxe4 N@c4 25. Qe2 N@d2 26. exd5 cxd5 27. P@b7 Rd8 28. Bxd8 
Nxf1 29. N@c7+ Kxd8 30. b8=Q+ B@c8 31. P@b7 Nb6 32. bxc8=Q+ Nxc8 33. P@b7 N@b6 
34. bxc8=Q+ Nxc8 35. N@b7+ Ke7 36. B@d6+ Bxd6 37. Nxd5+ Kf8 38. Qxd6+ Qxd6 39. Nxd6 
R@d8 40. Nxc8 B@c5 41. P@e7+ Bxe7 42. Ndxe7 Nxg3 43. Ng6# 
{BarryWhite forfeits on time} 1-0

[Event "fics rated crazyhouse match"]
[Site "fics, Oklahoma City, OK USA"]
[Date "2000.11.10"]
[White "BarryWhite"]
[WhiteElo "2418"]
[Black "BEO"]
[BlackElo "2254"]
[TimeControl "120+0"]
[Result "0-1"]

1. e4 e6 2. d4 d5 3. Bd3 Nf6 4. e5 Ne4 5. f3 Qh4+ 6. g3 
Nxg3 7. hxg3 Qxh1 8. Kd2 R@g2+ 9. N@e2 P@h2 10. Ke3 hxg1=Q+ 11. Nxg1 Rxg1 
12. Qe2 Re1 13. Nc3 N@f1+ 14. Kf2 Rxe2+ 15. Kxe2 Nxg3# 
{BarryWhite resigns} 0-1

[Event "fics rated crazyhouse match"]
[Site "fics, Oklahoma City, OK USA"]
[Date "2000.11.10"]
[White "BEO"]
[WhiteElo "2265"]
[Black "BarryWhite"]
[BlackElo "2404"]
[TimeControl "120+0"]
[Result "1-0"]

1. e4 e6 2. Nc3 d5 3. exd5 exd5 4. d4 Nc6 5. Nf3 Nf6 6. Be2 
Bb4 7. O-O Bg4 8. Ne5 Bxe2 9. Nxe2 Bd6 10. Nxc6 bxc6 11. P@e5 Ne4 
12. exd6 cxd6 13. B@b7 B@d7 14. Bxa8 N@b6 15. Bb7 Qc7 16. N@a6 Qxb7 17. R@b8+ 
Qxb8 18. Nxb8 O-O 19. Nxd7 Nxd7 20. B@f5 B@e6 21. B@h3 N@g5 22. Bxe6 fxe6 
23. Bxg5 Nxg5 24. N@e7+ Kh8 25. B@g4 B@f6 26. Nxc6 P@f5 27. P@e7 Rg8 28. Bxf5 
exf5 29. Bxf5 Bxe7 30. Bxd7 B@e4 31. f3 Bg6 32. Nxe7 P@h3 33. Nxg6+ hxg6 
34. Q@h4+ P@h6 35. Qxg5 B@f6 36. N@f7+ Kh7 37. Qxg6# 
{BarryWhite forfeits on time} 1-0

[Event "fics rated crazyhouse match"]
[Site "fics, Oklahoma City, OK USA"]
[Date "2000.11.10"]
[White "BarryWhite"]
[WhiteElo "2391"]
[Black "BEO"]
[BlackElo "2276"]
[TimeControl "120+0"]
[Result "1-0"]

1. e4 e6 2. d4 d5 3. e5 Nc6 4. Nh3 Nge7 5. Be2 Nf5 6. Be3 
Be7 7. O-O O-O 8. Nc3 f6 9. exf6 gxf6 10. P@g4 Nh4 11. Nf4 P@g5 
12. Nh5 Bd7 13. f4 gxf4 14. Bxf4 P@g5 15. Bg3 Qe8 16. Bxh4 Qxh5 17. gxh5 
gxh4 18. P@g6 B@e3+ 19. Kh1 hxg6 20. hxg6 N@g5 21. N@h5 P@g7 22. P@f4 Be8 
23. fxg5 Bxg6 24. Nxg7 Bxg5 25. Nxe6 P@g3 26. Q@g7# 
{BEO checkmated} 1-0

[Event "fics rated crazyhouse match"]
[Site "fics, Oklahoma City, OK USA"]
[Date "2000.11.10"]
[White "BEO"]
[WhiteElo "2271"]
[Black "BarryWhite"]
[BlackElo "2397"]
[TimeControl "120+0"]
[Result "0-1"]

1. e4 e6 2. d4 Nf6 3. Bd3 d5 4. e5 Ne4 5. Nf3 Nc6 6. O-O 
Be7 7. Nbd2 Nxd2 8. Bxd2 N@e4 9. c3 O-O 10. Qc2 f5 11. exf6 Bxf6 
12. N@h5 P@g4 13. Ne5 Bxe5 14. dxe5 Nxe5 15. Bxe4 dxe4 16. Qxe4 B@d5 17. Qxe5 
P@f6 18. Nxf6+ Rxf6 19. N@h5 N@h3+ 20. Kh1 Bxg2+ 21. Kxg2 N@h4+ 22. Kg3 Rf3+ 
23. Kxg4 P@f5+ 24. Qxf5 exf5# 
{BEO checkmated} 0-1

[Event "fics rated crazyhouse match"]
[Site "fics, Oklahoma City, OK USA"]
[Date "2000.11.10"]
[White "BarryWhite"]
[WhiteElo "2403"]
[Black "BEO"]
[BlackElo "2266"]
[TimeControl "120+0"]
[Result "1-0"]

1. e4 e6 2. d4 d5 3. exd5 exd5 4. Nf3 Nf6 5. Nc3 Be7 6. Ne5 
O-O 7. Be2 Ne4 8. Nxe4 dxe4 9. P@h6 gxh6 10. Bxh6 N@f5 11. Bxf8 Qxf8 
12. Nxf7 Qxf7 13. N@e5 Qg7 14. P@f7+ Qxf7 15. Nxf7 Kxf7 16. Bg4 B@g7 17. d5 
N@f4 18. P@e6+ Nxe6 19. dxe6+ Bxe6 20. Bxf5 Bxf5 21. N@g4 B@b4+ 22. Kf1 Bxg4 
23. Qxg4 P@e2+ 24. Qxe2 N@f4 25. B@h5+ P@g6 26. Bxg6+ hxg6 27. P@h7 N@f6 28. N@e5+ 
Ke8 29. Q@c8+ B@d8 30. P@f7+ Kf8 31. R@g8+ Nxg8 32. hxg8=Q# 
{BEO checkmated} 1-0

[Event "fics rated crazyhouse match"]
[Site "fics, Oklahoma City, OK USA"]
[Date "2000.11.10"]
[White "BEO"]
[WhiteElo "2261"]
[Black "BarryWhite"]
[BlackElo "2408"]
[TimeControl "120+0"]
[Result "0-1"]

1. e4 e6 2. d4 d5 3. e5 Ne7 4. Bg5 h6 5. Bh4 Nbc6 6. Nf3 
Qd7 7. Bxe7 Bxe7 8. Nc3 B@g6 9. Bd3 O-O 10. h4 Bxd3 11. cxd3 B@g4 
12. Ne2 Bb4+ 13. B@c3 Bxc3+ 14. bxc3 B@h5 15. N@h2 Bxf3 16. Nxf3 Bxf3 17. gxf3 
N@g2+ 18. Kf1 N@e3+ 19. fxe3 Nxe3+ 20. Kf2 Nxd1+ 21. Raxd1 f6 22. exf6 Rxf6 
23. N@g4 Rxf3+ 24. Kxf3 P@e4+ 25. Kf2 Q@f3+ 26. Ke1 Qxg4 27. N@f2 N@f3+ 28. Kf1 
P@g2# 
{BEO checkmated} 0-1

[Event "fics rated crazyhouse match"]
[Site "fics, Oklahoma City, OK USA"]
[Date "2000.11.10"]
[White "BarryWhite"]
[WhiteElo "2413"]
[Black "BEO"]
[BlackElo "2256"]
[TimeControl "120+0"]
[Result "1-0"]

1. e4 e6 2. d4 d5 3. exd5 exd5 4. Nf3 Nf6 5. Nc3 Be7 6. Ne5 
Nc6 7. Nxc6 bxc6 8. N@e5 Bd7 9. Bd3 Rb8 10. P@g5 Ng8 11. h4 P@e4 
12. Nxe4 dxe4 13. Bxe4 N@d5 14. Bxd5 cxd5 15. P@c6 Bc8 16. P@d7+ Kf8 17. dxc8=Q 
Rxc8 18. B@h6 N@f5 19. Bxg7+ Kxg7 20. Qg4 P@g6 21. h5 Kf8 22. hxg6 fxg6 
23. N@e6+ Ke8 24. P@f7# 
{BEO checkmated} 1-0

[Event "fics rated crazyhouse match"]
[Site "fics, Oklahoma City, OK USA"]
[Date "2000.11.10"]
[White "BEO"]
[WhiteElo "2251"]
[Black "BarryWhite"]
[BlackElo "2418"]
[TimeControl "120+0"]
[Result "0-1"]

1. e4 e6 2. Nc3 d5 3. exd5 exd5 4. d4 Nc6 5. Bb5 Nf6 6. Qe2+ 
P@e4 7. Bg5 Be7 8. Bxc6+ bxc6 9. N@e5 Bd7 10. Bxf6 Bxf6 11. Nxd7 Qxd7 
12. N@c5 Qe7 13. B@d7+ Qxd7 14. Nxd7 Kxd7 15. P@b5 Rhd8 16. bxc6+ Ke8 17. P@d7+ 
Kf8 18. Nxd5 B@g5 19. Q@h8+ B@g8 20. Qxe4 N@g6 21. Nxf6 Bxf6 22. B@a3+ B@d6 
23. Bxd6+ cxd6 24. P@c7 B@a5+ 25. c3 Bxc7 26. P@h6 Nxh8 27. hxg7+ Kxg7 28. P@h6+ 
Kxh6 29. Nf3 Kg7 30. h4 N@h6 31. B@g5 Q@g4 32. Bxh6+ Kxh6 33. Qxg4 P@d2+ 
34. Nxd2 N@d3+ 35. Kf1 B@g6 36. P@g5+ Kg7 37. gxf6+ Kxf6 38. B@e5+ Ke7 39. N@d5+ 
Kf8 
{BEO forfeits on time} 0-1

[Event "fics rated crazyhouse match"]
[Site "fics, Oklahoma City, OK USA"]
[Date "2000.11.10"]
[White "BarryWhite"]
[WhiteElo "2423"]
[Black "BEO"]
[BlackElo "2247"]
[TimeControl "120+0"]
[Result "0-1"]

1. e4 e6 2. d4 d5 3. e5 Nc6 4. Nh3 Nge7 5. Be2 Nf5 6. Be3 
Be7 7. O-O O-O 8. Nc3 f6 9. exf6 Bxf6 10. P@e5 Be7 11. Bg4 Nh4 
12. f4 Bd7 13. Qe2 Qe8 14. Bh5 g6 15. Bg4 P@g7 16. Rad1 Rd8 17. g3 
Nf5 18. Bxf5 gxf5 19. Ng5 B@e4 20. Ncxe4 dxe4 21. B@h5 N@f3+ 22. Bxf3 Bxg5 
23. fxg5 exf3 24. Rxf3 B@g4 25. P@f6 N@h3+ 26. Kh1 Nxd4 27. fxg7 Bc6 28. N@h6+ 
Kxg7 29. P@f6+ Kg6 30. Nxg4 Nxf3 31. B@h5+ Kxh5 32. N@g7+ Kxg4 33. B@h5+ Qxh5 
34. Qxf3+ Bxf3+ 35. N@g2 Rxd1+ 36. Bg1 Rxg1# 
{BarryWhite checkmated} 0-1

[Event "fics rated crazyhouse match"]
[Site "fics, Oklahoma City, OK USA"]
[Date "2000.11.10"]
[White "BEO"]
[WhiteElo "2259"]
[Black "BarryWhite"]
[BlackElo "2411"]
[TimeControl "120+0"]
[Result "0-1"]

1. e4 e6 2. d4 d5 3. exd5 exd5 4. Bb5+ Nc6 5. Qe2+ P@e4 6. Nc3 
Nf6 7. Bg5 Be7 8. Bxf6 Bxf6 9. N@e5 Bxe5 10. dxe5 N@d4 11. Bxc6+ bxc6 
12. Qd1 B@c5 13. N@a4 B@b6 14. P@a5 Nxc2+ 15. Qxc2 Bxf2+ 16. Kf1 P@d3 17. Qxf2 
Bxf2 18. Kxf2 d4 19. B@f4 e3+ 20. Bxe3 dxe3+ 21. Kxe3 P@d4+ 22. Kxd3 dxc3+ 
23. Kxc3 Q@d2+ 24. Kb3 Be6+ 25. Ka3 B@b4# 
{BEO checkmated} 0-1

[Event "fics rated crazyhouse match"]
[Site "fics, Oklahoma City, OK USA"]
[Date "2000.11.10"]
[White "BarryWhite"]
[WhiteElo "2416"]
[Black "BEO"]
[BlackElo "2254"]
[TimeControl "120+0"]
[Result "1-0"]

1. e4 e6 2. d4 d5 3. exd5 exd5 4. Nf3 Nf6 5. Nc3 Be7 6. Ne5 
O-O 7. Bd3 P@e4 8. Be2 Nc6 9. Nxc6 bxc6 10. N@e5 Bd7 11. P@h6 gxh6 
12. Bxh6 P@g7 13. Bxg7 Kxg7 14. P@g5 Ng8 15. P@h6+ Nxh6 16. gxh6+ Kxh6 17. Ng4+ 
Bxg4 18. Bxg4 P@g6 19. h4 Kg7 20. B@g5 P@h6 21. Bxh6+ Kxh6 22. P@g5+ Kg7 
23. Nxe4 dxe4 24. P@f6+ Bxf6 25. gxf6+ Qxf6 26. B@e5 P@e7 27. Bxf6+ exf6 28. h5 
B@a5+ 29. Kf1 B@c4+ 30. Be2 P@f3 31. gxf3 Bxe2+ 32. Qxe2 B@h6 33. B@e3 N@d2+ 
34. Bxd2 Baxd2 35. P@e5 B@g2+ 36. Kg1 B@g5 37. exf6+ Bxf6 38. P@e5 Bh4 39. N@g3 
N@f4 40. N@f5+ Kh8 41. Qxe4 P@g7 42. Nxh6 Bxg3 43. Q@g8+ Rxg8 44. Nxf7# 
{BEO checkmated} 1-0

[Event "fics rated crazyhouse match"]
[Site "fics, Oklahoma City, OK USA"]
[Date "2000.11.10"]
[White "BEO"]
[WhiteElo "2249"]
[Black "BarryWhite"]
[BlackElo "2421"]
[TimeControl "120+0"]
[Result "0-1"]

1. e4 e6 2. d4 d5 3. e5 Ne7 4. Nh3 Nbc6 5. Be3 Nf5 6. Be2 
Bb4+ 7. c3 Be7 8. O-O O-O 9. Nd2 f6 10. Nf3 Bd7 11. Qd2 Be8 
12. Rae1 Bh5 13. Nf4 Be8 14. Bd3 Bf7 15. Bxf5 exf5 16. e6 Bg6 17. Nxg6 
hxg6 18. B@f7+ Rxf7 19. exf7+ Kxf7 20. Bf4 B@e4 21. Rxe4 fxe4 22. Nh4 P@f3 
23. gxf3 exf3 24. Nxf3 N@h3+ 25. Kh1 B@e4 26. P@g2 P@g4 27. Ne1 Bxg2+ 28. Nxg2 
P@f3 29. P@e6+ Kxe6 30. Qe3+ Ne5 31. dxe5 fxg2+ 32. Kxg2 Nxf4+ 33. Qxf4 B@f3+ 
34. Qxf3 gxf3+ 35. Kxf3 Q@e4+ 36. Kg3 R@g2+ 37. Kh3 N@g5# 
{BEO checkmated} 0-1

[Event "fics rated crazyhouse match"]
[Site "fics, Oklahoma City, OK USA"]
[Date "2000.11.10"]
[White "BEO"]
[WhiteElo "2241"]
[Black "BarryWhite"]
[BlackElo "2429"]
[TimeControl "120+0"]
[Result "0-1"]

1. e4 e6 2. d4 d5 3. e5 Ne7 4. Nh3 Nbc6 5. Bg5 h6 6. Bh4 
Qd7 7. Bxe7 Bxe7 8. Nc3 B@f5 9. Nf4 Bg5 10. Nh5 Rg8 11. h4 Bxc2 
12. Qxc2 Nxd4 13. Qh7 P@d2+ 14. Kd1 P@c2+ 15. Qxc2 Nxc2 16. Kxc2 Q@c1+ 17. Kb3 
Qxa1 18. P@h7 Rf8 19. Nxg7+ Kd8 20. B@b5 d1=Q+ 21. P@c2 a5 22. Bxd7 R@b4+ 
23. Ka3 Qxb2# 
{BEO checkmated} 0-1